 Dungeon Crawl Stone Soup version 0.26-a0-597-gb535b0901c (webtiles) character file.

Game seed: 11270701833348557297

601 Ge0ff the Spear-Bearer (level 7, -24/57 HPs)
             Began as a Green Draconian Abyssal Knight on Aug 26, 2020.
             Was a Priest of Lugonu.
             Killed from afar by an adder (29 damage)
             ... with an exploding inner flame
             ... hexed by the player character
             ... on level 5 of the Dungeon.
             The game lasted 00:04:45 (3449 turns).

Ge0ff the Spear-Bearer (DrAK)                       Turns: 3449, Time: 00:04:46

Health: -24/57     AC: 10    Str: 15    XL:     7   Next: 18%
Magic:  8/8        EV: 12    Int: 12    God:    Lugonu [***...]
Gold:   244        SH:  0    Dex: 12    Spells: 6/6 levels left

rFire    . . .     SeeInvis .   P - +3 quarterstaff (chaos)
rCold    . . .     Faith    .   (shield currently unavailable)
rNeg     . . .     Spirit   .   (armour unavailable)
rPois    +         Reflect  .   (helmet restricted)
rElec    .         Harm     .   O - +0 cloak
rCorr    +         Rnd*Tele +   j - +1 pair of gloves
MR       .....                  b - +0 pair of boots
Stlth    +.........             (no amulet)
HPRegen  0.19/turn              g - ring of resist corrosion
MPRegen  0.11/turn              S - ring of teleportation

@: no status effects
A: breathe noxious fumes, unfitting armour, poison resistance, cold-blooded, AC
+6
a: Breathe Noxious Fumes, Depart the Abyss, Bend Space, Banish, Renounce
Religion


You were on level 5 of the Dungeon.
You worshipped Lugonu.
Lugonu was most pleased with you.
You visited 1 branch of the dungeon, and saw 6 of its levels.
You visited the Abyss 1 time.

You collected 244 gold pieces.

Inventory:

Hand Weapons
 a - a +1 spear
 P - a +3 quarterstaff of chaos (weapon)
Missiles
 e - 139 stones (quivered)
 n - 54 sling bullets
Armour
 b - a +0 pair of boots (worn)
 j - a +1 pair of gloves (worn)
 O - a +0 cloak (worn)
 W - a +0 cloak
Jewellery
 g - a ring of resist corrosion (left hand)
 S - a ring of teleportation (right hand)
Wands
 p - a wand of paralysis (5)
 s - a wand of disintegration (4)
Scrolls
 f - a scroll of amnesia
 h - a scroll of magic mapping {unknown}
 C - a scroll of remove curse
 E - 2 scrolls of fear
 F - a scroll of fog
 R - a scroll of enchant armour
 T - a scroll of teleportation
 U - a scroll of random uselessness
Potions
 l - 2 potions of magic {unknown}
 o - 2 potions of mutation {unknown}
 q - 5 potions of curing
 r - a potion of haste {unknown}
 L - a potion of lignification
 Q - a potion of flight {unknown}


   Skills:
 - Level 3.2 Fighting
 * Level 8.0 Polearms
 - Level 2.1 Dodging
 - Level 2.0 Invocations


You had 6 spell levels left.
You didn't know any spells.
Your spell library was empty.

Dungeon Overview and Level Annotations

Branches:
Dungeon (6/15)
 Temple: D:4-7

Altars:
Hepliaklqana


Innate Abilities, Weirdness & Mutations

You can breathe blasts of noxious fumes.
Your lurid green scales are hard. (AC +6)
You cannot fit into any form of body armour.
Your system is resistant to poisons. (rPois)
You are cold-blooded and may be slowed by cold attacks.


Message History

The adder bites you but does no damage.
You sock the hound!
Flame seeps out of the hound.
The hound is poisoned.
The hound is heavily wounded.
The worker ant bites you.
The hound is engulfed in blazing flames.
The hound explodes!
The fiery explosion engulfs the orc!!
The orc explodes!
The fiery explosion engulfs the worker ant!!
The worker ant explodes!
The fiery explosion engulfs you!!!
Ouch! That really hurt!
* * * LOW HITPOINT WARNING * * *
Lugonu accepts your kill.
Your Polearms skill increases to level 8!
The fiery explosion engulfs the adder!!!
The adder explodes!
The fiery explosion engulfs you!!
Ouch! That really hurt!
You die...

..#.....#
....###....$...#
...#.#.#.......
..Z.#.......#
...#.......##. #
#............
..####..#§§§......
.....#..§§§§#
#.....§○@#..
#.....§§§.......
#####......§..##....
................. ..
#####....####....
########...........##.
...............####..
###(.............. ..
.......<..########


You could see a worker ant zombie (inner flame).

Vanquished Creatures
  A sky beast (D:5)
  A centaur (D:6)
  A scorpion (D:6)
  Crazy Yiuf (D:2)
  2 bullfrog skeletons
  Terence (D:2)
  An iguana (D:4)
  An orc wizard (D:3)
  2 worker ants
  3 gnolls (D:6)
  2 adders
  A white imp (D:6)
  2 oozes (D:3)
  An adder skeleton (D:4)
  3 worms
  A dart slug (D:2)
  4 leopard geckos
  4 orcs
  2 giant cockroaches
  6 goblins
  5 hobgoblins
  8 jackals
  A quokka (D:4)
  2 ball pythons (D:1)
  5 bats
  5 frilled lizards
  9 kobolds
  A leopard gecko skeleton (D:4)
  8 rats
84 creatures vanquished.

Notes
Turn   | Place    | Note
-------+----------+-------------------------------------------
     0 | Abyss:1  | Ge0ff the Draconian Abyssal Knight began the quest for the
                  | Orb.
     0 | Abyss:1  | Reached XP level 1. HP: 19/19 MP: 2/2
    43 | Abyss:1  | Noticed a ynoxinul
    45 | Abyss:1  | Noticed a small abomination
    58 | D:1      | Escaped the Abyss
   419 | D:1      | Reached XP level 2. HP: 26/26 MP: 3/3
   428 | D:1      | Reached * piety under Lugonu
   563 | D:1      | Reached skill level 3 in Polearms
  1025 | D:2      | Reached XP level 3. HP: 31/31 MP: 4/4
  1231 | D:2      | Noticed Terence
  1303 | D:2      | Killed Terence
  1303 | D:2      | Reached skill level 4 in Polearms
  1516 | D:2      | Reached XP level 4. HP: 17/38 MP: 5/5
  1813 | D:2      | Found a runed translucent door.
  1814 | D:2      | Noticed Crazy Yiuf
  1831 | D:2      | Killed Crazy Yiuf
  1993 | D:3      | Reached skill level 5 in Polearms
  2006 | D:3      | Reached ** piety under Lugonu
  2019 | D:3      | Reached XP level 5. HP: 36/45 MP: 6/6
  2394 | D:2      | Found a hazy altar of Hepliaklqana.
  2885 | D:4      | Reached skill level 6 in Polearms
  3004 | D:4      | You fall into a shaft and drop 2 floors!
  3039 | D:6      | Reached XP level 6. HP: 49/51 MP: 7/7
  3120 | D:5      | Entered Level 5 of the Dungeon
  3125 | D:5      | Noticed an ice beast
  3135 | D:6      | Reached skill level 7 in Polearms
  3406 | D:5      | Noticed a sky beast
  3418 | D:5      | Killed a sky beast
  3418 | D:5      | Reached *** piety under Lugonu
  3418 | D:5      | Your scales start taking on a lurid green colour.
  3418 | D:5      | Reached XP level 7. HP: 48/57 MP: 8/8
  3418 | D:5      | Gained mutation: Your system is resistant to poisons.
                  | (rPois) [Green Draconian growth]
  3449 | D:5      | Reached skill level 8 in Polearms
  3449 | D:5      | Killed from afar by an adder

Illustrated notes

Levels and vault maps discovered:
D:1:      matt_arrival_spirals, layout_basic, minmay_tromino_v4_c
D:2:      layout_rooms, nicolae_overflow_hidden_temple, uniq_crazy_yiuf_cottage,
          uniq_terence
D:3:      layout_basic
D:4:      layout_loops_ring, grunt_ministairs_7
D:5:      layout_rooms, minmay_temple_entry_arrows, serial_shops,
          nicolae_shop_statue_plus
D:6:      layout_gridville, chequers_serial_rivers_room_b, uniq_maggie

Skill      XL: |  1  2  3  4  5  6  7 |
---------------+----------------------+-----
Polearms       | 3 4 5 6 7 8 |  8.0
Fighting       | |  3.2
Dodging        | |  2.1
Invocations    | |  2.0

Action                   |  1- 3 |  4- 6 |  7- 9 || total
-------------------------+-------+-------+-------++-------
Melee: Spear             |   145 |     8 |       ||   153
       Tailslap          |    10 |     8 |       ||    18
       Quarterstaff      |       |    98 |     1 ||    99
Throw: Stone             |    44 |    61 |       ||   105
Invok: Depart the Abyss  |     1 |       |       ||     1
  Use: Potion            |     1 |     3 |       ||     4
       Scroll            |       |       |     9 ||     9
 Stab: Sleeping          |     2 |       |       ||     2
Armor: Skin              |    61 |    49 |     7 ||   117
Dodge: Dodged            |    66 |    51 |     6 ||   123

Table legend: (Time is in decaauts)
 A = Elapsed time spent in this place.
 B = Non-inter-level travel time spent in this place.
 C = Inter-level travel time spent in this place.
 D = Time resting spent in this place.
 E = Time spent auto-exploring this place.
 F = Levels seen in this place.
 G = Mean time per level.
                   A        B        C        D        E       F      G
               +--------+--------+--------+--------+--------+-----+--------+
         Total |   3473 |   3371 |    102 |    166 |   2297 |   7 |  496.1 |
       Dungeon |   3415 |   3313 |    102 |    166 |   2297 |   6 |  569.2 |
         Abyss |     58 |     58 |      0 |      0 |      0 |   1 |   58.0 |
               +--------+--------+--------+--------+--------+-----+--------+

Top non-repeatable levels by time:
     D:2: 1018 daAuts
     D:1: 892 daAuts
     D:3: 804 daAuts
     D:6: 394 daAuts
     D:4: 252 daAuts
 Abyss:1: 58 daAuts
     D:5: 53 daAuts
